 Dungeon Sprint DCSS version 0.22.1-1-ga44c0e56f4 (webtiles) character file.

140 MuseOD the Covert (level 5, 0/29 HPs)
             Began as a Spriggan Enchanter on Sept 23, 2018.
             Was an Initiate of Dithmenos.
             Slain by a human (5 damage)
             ... in the Dungeon (Sprint III: "The Ten Rune Challenge").
             The game lasted 00:01:50 (507 turns).

MuseOD the Covert (Spriggan Enchanter)               Turns: 507, Time: 00:01:50

Health: 0/29       AC:  2    Str:  4    XL:     5   Next: 2%
Magic:  0/10       EV: 18    Int: 18    God:    Dithmenos [......]
Gold:   22         SH:  0    Dex: 16    Spells: 0/9 levels left

rFire    . . .     SeeInvis +   a - +1 dagger
rCold    . . .     Gourm    .   (shield restricted)
rNeg     . . .     Faith    .   b - +0 robe
rPois    .         Spirit   .   (helmet restricted)
rElec    .         Reflect  .   (no cloak)
rCorr    .         Harm     .   (gloves unavailable)
MR       .....     NoTele   +   (boots unavailable)
Stlth    ++++......             (no amulet)
HPRegen  0.09/turn              (no ring)
MPRegen  0.12/turn              (no ring)

@: very quick
A: very small, unfitting armour, see invisible, herbivore, speed 3, slow
metabolism 2
a: Renounce Religion


You were in the Dungeon.
You worshipped Dithmenos.
Dithmenos was noncommittal.
You were not hungry.

You visited 1 branch You collected 22 gold pieces.

Inventory:

Hand Weapons
 a - a +1 dagger (weapon)
Armour
 b - a +0 robe (worn)
Wands
 i - a wand of clouds (6)
Scrolls
 c - 4 scrolls of remove curse
 j - a scroll of blinking
 k - a scroll of amnesia {unknown}
 l - 2 scrolls of immolation {unknown}
 o - a scroll of identify {unknown}
Potions
 e - a potion of curing
 f - a potion of heal wounds
 g - a potion of haste
 h - 2 potions of magic
 m - 3 potions of mutation {unknown}
 n - a potion of might {unknown}
 p - a potion of agility {unknown}
 q - a potion of flight {unknown}
Comestibles
 d - 3 rations


   Skills:
 + Level 3.9 Fighting
 * Level 7.8 Short Blades
 - Level 3.0 Dodging
 + Level 9.0 Stealth
 - Level 2.6 Spellcasting
 - Level 3.6 Hexes


You couldn't memorise any spells.
You knew the following spells:

 Your Spells              Type           Power        Failure   Level  Hunger
a - Corona                Hex            ###....      3%          1    #......
b - Ensorcelled Hibernat  Hex/Ice        #.....       12%         2    ##.....
c - Confuse               Hex            ###.....     12%         3    ###....
d - Dazzling Spray        Conj/Hex       #.....       24%         3    ###....

Your spell library contained the following spells:

 Spells                   Type           Power        Failure   Level  Hunger
 Tukima's Dance           Hex            ###.....     12%         3    ###....


Dungeon Overview and Level Annotations

Branches:
Dungeon (1/1)

Altars:
Dithmenos
Okawaru
Ru
Trog
Uskayaw
Wu Jian
Yredelemnul
Beogh


Innate Abilities, Weirdness & Mutations

You are very small and have problems with some larger weapons.
You are too small for most types of armour.
You have supernaturally acute eyesight. (SInv)
You are a herbivore.
You cover ground extremely quickly.
You need to consume almost no food.


Message History

The human misses the human.
Casting: Confuse (safe; 12% risk of failure)
Confirm with . or Enter, or press ? or * to list all spells.
You don't have enough magic to cast that spell.
Unknown command.
There's a creature in the doorway!
The human rages.
The human hits you. The human hits you!
Ouch! That really hurt!
* * * LOW HITPOINT WARNING * * *
The human rages.
The human rages.
Casting: Confuse (safe; 12% risk of failure)
Confirm with . or Enter, or press ? or * to list all spells.
Aiming: Confuse (safe; 12% risk of failure)
Press: ? - help, Shift-Dir - straight line, f - human
Aim: a human (berserk, fast, unusually strong, chance to defeat MR: 46%)
The human resists with some effort.
The human hits you.
You die...

▓▓▓ ♣♣ ♣.#
######## .♣ ♣♣.#
#___#__# ♣♣ ..#
#p_)#)_#
.♣♣♣♣.###+#'###†##
......#........p@#
≈♣♣♣..+.⌠........#
≈≈≈...#...######+#
≈≈....#.⌠.#
≈....E#...#
......#+###
......# ......#
▓▓▓▓▓▓▓


You could see a human (berserk).

Vanquished Creatures
  A necrophage (D)
  A necromancer (D)
  A human (D)
  2 oozes (D)
  A phantom (D)
  2 rats (D)
8 creatures vanquished.

Vanquished Creatures (others)
  2 draconian scorchers (D)
  6 hellions (D)
  A yaktaur (D)
9 creatures vanquished.

Grand Total: 17 creatures vanquished

Notes
Turn   | Place    | Note
-------+----------+-------------------------------------------
     0 | D        | MuseOD the Spriggan Enchanter began the quest for the Orb.
     0 | D        | Reached XP level 1. HP: 9/9 MP: 5/5
     4 | D        | Reached skill level 1 in Fighting
     4 | D        | Reached skill level 5 in Stealth
     7 | D        | Reached XP level 2. HP: 14/14 MP: 6/6
    82 | D        | Killed a hellion
   116 | D        | Killed a hellion
   119 | D        | Killed a hellion
   122 | D        | Learned a level 2 spell: Ensorcelled Hibernation
   125 | D        | Reached skill level 6 in Stealth
   125 | D        | Reached XP level 3. HP: 18/18 MP: 5/8
   130 | D        | Learned a level 3 spell: Confuse
   134 | D        | Killed a hellion
   195 | D        | Killed a white draconian scorcher
   247 | D        | Killed a white draconian scorcher
   262 | D        | Killed a hellion
   274 | D        | Killed a hellion
   388 | D        | Noticed a water elemental
   418 | D        | Found a basalt altar of Yredelemnul.
   418 | D        | Found a shadowy altar of Dithmenos.
   418 | D        | Found a sacrificial altar of Ru.
   418 | D        | Noticed a necrophage
   418 | D        | Noticed a necromancer
   426 | D        | Killed a necrophage
   426 | D        | Reached skill level 8 in Stealth
   426 | D        | Reached XP level 4. HP: 25/25 MP: 2/9
   433 | D        | Reached skill level 9 in Stealth
   433 | D        | Reached XP level 5. HP: 29/29 MP: 2/10
   450 | D        | Killed a yaktaur
   470 | D        | Became a worshipper of Dithmenos the Shadowed
   484 | D        | Learned a level 3 spell: Dazzling Spray
   491 | D        | Found a hide-covered altar of Uskayaw.
   491 | D        | Found a roughly hewn altar of Beogh.
   491 | D        | Found an iron altar of Okawaru.
   491 | D        | Found a bloodstained altar of Trog.
   491 | D        | Found an ornate altar of the Wu Jian Council.
   491 | D        | Noticed a human
   492 | D        | Noticed a human
   507 | D        | Slain by a human

Skill      XL: |  1  2  3  4 |
---------------+-------------+-----
Fighting       | 1 2 3 |  3.9
Short Blades   | 3 4 7 |  7.8
Stealth        | 5 6 8 9 |  9.0
Dodging        | |  3.0
Spellcasting   | |  2.6
Hexes          | |  3.6

Action                   |  1- 3 |  4- 6 || total
-------------------------+-------+-------++-------
Melee: Dagger            |    17 |     6 ||    23
 Cast: Ensorcelled Hiber |     1 |     1 ||     2
       Confuse           |     5 |     3 ||     8
  Use: Potion            |     1 |       ||     1
 Stab: Sleeping          |     4 |       ||     4
       Confused          |     1 |       ||     1
Dodge: Dodged            |    15 |     3 ||    18
